 Dungeon Crawl Stone Soup version 0.19-a0-599-g723c685 (webtiles) character file.

16832 George the Grand Scion (level 12, -3/97 HPs)
             Began as a Demonspawn Gladiator on June 11, 2016.
             Was a High Priest of Hepliaklqana.
             Slain by a fire elemental (6 damage)
             ... led by Azrael
             ... on level 12 of the Dungeon.
             The game lasted 00:33:24 (11654 turns).

George the Grand Scion (Demonspawn Gladiator)      Turns: 11654, Time: 00:33:25

Health: -3/97      AC: 27    Str: 21    XL:     12   Next: 13%
Magic:  21/21      EV: 12    Int: 15    God:    Hepliaklqana [*****.]
Gold:   768        SH:  0    Dex: 15    Spells: 0 memorised, 11 levels left

rFire  + . .     SeeInvis .     Y - +2 scimitar (flame)
rCold  + . .     Gourm    .     G - +11 chain mail of Quantum Leap {Str+3}
rNeg   . . .     Faith    .     (no shield)
rPois  +         Spirit   .     c - +1 helmet
rElec  +         Dismiss  .     I - +0 cloak
rCorr  +         Reflect  .     y - +0 pair of gloves
SustAt .         Harm     .     (no boots)
MR     +....                    (no amulet)
Stlth  ..........               L - +4 ring of intelligence
                                p - ring of protection from magic

@: about to teleport, resistant, somewhat resistant to hostile enchantments,
extremely unstealthy
A: talons 2, repulsion field 2, nightstalker 1, powered by pain 1
a: Recall Ancestor, Ancestor Identity, Transference, Idealise, Renounce Religion


You were on level 12 of the Dungeon.
You worshipped Hepliaklqana.
Hepliaklqana was extremely pleased with you.
You were not hungry.

You visited 1 branch of the dungeon, and saw 12 of its levels.
You also visited: Ossuary.

You collected 768 gold pieces.

Inventory:

Hand Weapons
 Y - a +2 scimitar of flaming (weapon)
Missiles
 d - 2 throwing nets
 m - 5 steel tomahawks (quivered)
Armour
 c - a +1 helmet (worn)
 y - a +0 pair of gloves (worn)
 G - the +11 chain mail of Quantum Leap (worn) {Str+3}
   (You found it on level 5 of the Dungeon)

   It affects your strength (+3).
 I - a +0 cloak (worn)
Jewellery
 p - a ring of protection from magic (left hand)
 L - a +4 ring of intelligence (right hand)
Wands
 S - a wand of paralysis (13/24)
 U - a wand of lightning (8/15)
 W - a wand of disintegration (10/24)
 X - a wand of paralysis (15/24)
Scrolls
 g - 5 scrolls of teleportation
 q - 3 scrolls of enchant armour
 B - 2 scrolls of recharging
 E - 5 scrolls of remove curse
 N - 6 scrolls of identify
 Z - a scroll of fog
Potions
 k - 2 potions of heal wounds
 r - 2 potions of lignification
 s - 3 potions of invisibility
 w - 5 potions of curing
 z - 6 potions of flight
 A - 4 potions of haste
 F - a potion of cancellation
 M - a potion of might
 P - a potion of mutation {unknown}
 T - a potion of beneficial mutation {unknown}
Comestibles
 f - 12 bread rations
 h - 2 slices of pizza
 x - 4 meat rations
 C - a royal jelly
 K - 3 beef jerkies
 Q - 5 chunks of flesh
 R - 18 fruits


   Skills:
 + Level 9.9 Fighting
 + Level 10.3 Long Blades
 - Level 1.9 Throwing
 + Level 9.0 Armour
 - Level 2.6 Dodging
 + Level 12.4 Invocations


You had 11 spell levels left.
You didn't know any spells.

Dungeon Overview and Level Annotations

Branches:
Dungeon (12/15)            Temple (0/1) D:4            Lair (0/6) D:9
    Orc (0/2) D:9

Altars:
Ashenzari
Dithmenos
Gozag
Hepliaklqana
Nemelex Xobeh
Okawaru
Pakellas
Ru
Sif Muna
Xom


Innate Abilities, Weirdness & Mutations

You have razor-sharp toenails.
You are surrounded by a moderate repulsion field. (EV +3)
You are slightly more attuned to the shadows.
You sometimes gain a little power by taking damage.


Message History

The iron imp shouts, "Back with thee, thou pecksniffian fob-snatching lout!"
You closely miss the fire elemental.
You claw the fire elemental, but do no damage.
The fire elemental is heavily damaged.
The ufetubus misses you. The ufetubus barely misses you.
The fire elemental barely misses you.
The hell hound bites you but does no damage.
The ufetubus hits you but does no damage. x2
Okay, then.
As you read the scroll of teleportation, it crumbles to dust.
You feel strangely unstable. The fire elemental hits you.
The fire elemental burns you! You resist.
* * * LOW HITPOINT WARNING * * *
The hell hound breathes flames at you. The blast of flame hits you! You resist.
* * * LOW HITPOINT WARNING * * *
The ufetubus closely misses you.
The ufetubus hits you but does no damage.
The fire elemental hits you. The fire elemental burns you! You resist.
You die...

#.......#####...#
#...............#
#.......######..#
#.......# #..#
........# #..#
###......# #..#
#......# #..#
...... #..# #@5#
#Eh# #KK# #Kh#
#555 #K..> #....


You could see 2 kobold demonologists, a fire elemental, 2 hell hounds, an iron
imp, a quasit, a white imp, an ufetubus and 2 kobolds.

Vanquished Creatures
  Azrael (D:12)
  Erica (D:8)
  A death yak (D:8)
  A tengu warrior (D:11)
  2 hill giants (D:11)
  The ghost of George the Carver, a novice MiFi (D:7)
  A manticore (D:11)
  A cyclops (D:12)
  A kobold demonologist (D:12)
  2 meliai zombies (D:11)
  A shadow (D:11)
  A wraith (D:12)
  12 yaks
  Sigmund (D:4)
  Grum (D:9)
  2 hippogriffs
  A hungry ghost (D:11)
  A soldier ant (D:11)
  A hell hound (D:12)
  A water moccasin (D:11)
  3 ice beasts
  4 orc warriors
  A phantom (D:6)
  2 sky beasts (D:8)
  A wasp (D:12)
  4 slaves (D:8)
  A black bear (D:11)
  2 ogres (D:9)
  6 necrophages
  2 centaurs
  2 wolves
  3 big kobolds (D:12)
  6 giant frogs
  3 wyvern zombies (D:11)
  3 water moccasin zombies (Ossuary)
  A wyvern skeleton (D:9)
  5 scorpions
  8 killer bees
  4 wights
  4 howler monkeys
  7 crimson imps
  A giant frog zombie (D:11)
  A centaur zombie (D:11)
  5 orc priests
  Crazy Yiuf (D:5)
  A giant frog skeleton (D:8)
  5 hounds
  A jelly (D:11)
  A centaur skeleton (D:9)
  4 iguanas
  8 orc wizards
  6 worker ants
  3 sheep (D:12)
  3 big kobold zombies (Ossuary)
  2 hound zombies
  4 mummies
  A worker ant zombie (D:11)
  3 gnolls (D:11)
  A river rat (D:9)
  14 adders
  A howler monkey skeleton (D:6)
  A shadow imp (D:11)
  An ooze (D:3)
  5 adder zombies
  An adder skeleton (D:4)
  A worm (D:3)
  3 dart slugs
  2 giant geckos
  29 orcs
  2 gnoll zombies (Ossuary)
  9 goblins
  9 hobgoblins
  8 jackals
  7 kobolds
  2 ball pythons (D:3)
  8 bats
  A giant gecko skeleton (D:8)
  3 giant newts
  A goblin zombie (D:8)
  4 hobgoblin zombies (Ossuary)
  7 kobold zombies
  6 orc zombies (Ossuary)
  2 quokka zombies
  A withered plant (D:11)
285 creatures vanquished.

Vanquished Creatures (collateral kills)
  Pikel (D:8)
  Joseph (D:9)
  Maurice (D:9)
  A shadow (D:11)
  A yak (D:11)
  2 ice beasts (D:6)
  2 sky beasts
  A wolf (D:9)
  2 ogres
  2 centaurs
  A big kobold (D:12)
  A scorpion (D:6)
  A howler monkey (D:8)
  3 hounds
  A jelly (D:12)
  A centaur skeleton (D:7)
  3 orc wizards (D:6)
  2 worker ants
  A hound zombie (D:6)
  A mummy (Ossuary)
  A worker ant zombie (D:11)
  An adder (D:5)
  A worm (D:4)
  5 orcs
  A bat (D:3)
  A giant newt (D:3)
39 creatures vanquished.

Vanquished Creatures (others)
  4 hexers
  2 ancestors
6 creatures vanquished.

Grand Total: 330 creatures vanquished

Notes
Turn   | Place    | Note
--------------------------------------------------------------
     0 | D:1      | George the Demonspawn Gladiator began the quest for the Orb.
     0 | D:1      | Reached XP level 1. HP: 16/16 MP: 1/1
     6 | D:1      | Noticed a black mamba
     6 | D:1      | Noticed a wolf
     6 | D:1      | Noticed a komodo dragon
     7 | D:1      | Noticed a wyvern
   500 | D:1      | Gained mutation: You are surrounded by a mild repulsion field. (EV +2) [demonic ancestry]
   500 | D:1      | Reached XP level 2. HP: 22/22 MP: 2/2
  1041 | D:2      | Reached XP level 3. HP: 27/27 MP: 3/3
  1629 | D:2      | Reached XP level 4. HP: 33/33 MP: 4/4
  2552 | D:3      | Reached skill level 5 in Long Blades
  2923 | D:3      | Gained mutation: You have sharp toenails. [demonic ancestry]
  2923 | D:3      | Reached XP level 5. HP: 38/38 MP: 5/5
  3119 | D:3      | Found a hazy altar of Hepliaklqana.
  3120 | D:3      | Found a shimmering altar of Xom.
  3120 | D:3      | Noticed a hell beast
  3121 | D:3      | Noticed a hell beast
  3121 | D:3      | Noticed a spectral ugly thing
  3124 | D:3      | Became a worshipper of Hepliaklqana
  3318 | D:4      | Found a staircase to the Ecumenical Temple.
  3494 | D:4      | Reached skill level 1 in Armour
  3494 | D:4      | Reached skill level 1 in Invocations
  3698 | D:4      | Reached XP level 6. HP: 42/46 MP: 7/7
  3889 | D:5      | Entered Level 5 of the Dungeon
  3933 | D:5      | Reached * piety under Hepliaklqana
  3935 | D:5      | Noticed Sigmund
  3945 | D:5      | Got an amber-encrusted chain mail
  3949 | D:5      | Reached skill level 2 in Invocations
  4008 | D:4      | Killed Sigmund
  4269 | D:4      | Identified the +11 chain mail of Quantum Leap {Str+3} (You found it on level 5 of the Dungeon)
  4404 | D:5      | Noticed Crazy Yiuf
  4413 | D:5      | Killed Crazy Yiuf
  4413 | D:5      | Reached skill level 3 in Invocations
  4413 | D:5      | Reached XP level 7. HP: 52/52 MP: 9/9
  4829 | D:6      | Reached skill level 4 in Invocations
  5074 | D:6      | Gained mutation: You have razor-sharp toenails. [demonic ancestry]
  5074 | D:6      | Reached XP level 8. HP: 53/60 MP: 11/11
  5105 | D:6      | Found a shattered altar of Ashenzari.
  5107 | D:6      | Found a shadowy altar of Dithmenos.
  5107 | D:6      | Found a deep blue altar of Sif Muna.
  5108 | D:6      | Found an oddly glowing altar of Pakellas.
  5109 | D:6      | Found a sacrificial altar of Ru.
  5117 | D:6      | Reached skill level 5 in Invocations
  5118 | D:6      | Found an iron altar of Okawaru.
  5118 | D:6      | Found an opulent altar of Gozag.
  5670 | D:6      | Reached skill level 5 in Fighting
  5670 | D:6      | Reached skill level 6 in Invocations
  5927 | D:7      | Noticed George's ghost (novice MiFi)
  5936 | D:7      | Reached skill level 7 in Invocations
  5936 | D:7      | Reached XP level 9. HP: 56/68 MP: 14/14
  6818 | D:7      | Found a sparkling altar of Nemelex Xobeh.
  6948 | D:7      | Killed George's ghost
  6948 | D:7      | Reached skill level 5 in Armour
  6950 | D:7      | Got an opalescent robe
  6961 | D:7      | Identified the cursed +0 robe "Harreura" {Dex+3} (You found it on level 7 of the Dungeon)
  6999 | D:8      | Noticed Erica
  7011 | D:8      | Killed Erica
  7011 | D:8      | Reached skill level 8 in Invocations
  7053 | D:8      | Reached ** piety under Hepliaklqana
  7054 | D:8      | Remembered your ancestor Cuahtemoc as a hexer
  7127 | D:8      | Found a sand-covered staircase.
  7147 | Ossuary  | Entered an ossuary
  7223 | Ossuary  | Gained mutation: You sometimes gain a little power by taking damage. [demonic ancestry]
  7223 | Ossuary  | Reached XP level 10. HP: 68/77 MP: 16/16
  7514 | D:8      | Reached skill level 9 in Invocations
  7862 | D:8      | Noticed Pikel
  7899 | D:8      | Killed Pikel
  8380 | D:9      | Noticed a death yak
  8485 | D:8      | Killed a death yak
  8490 | D:8      | Reached skill level 10 in Invocations
  8715 | D:9      | Noticed Joseph
  8728 | D:9      | Killed Joseph
  8793 | D:9      | Noticed Grum
  9165 | D:9      | Killed Grum
  9225 | D:9      | Found a staircase to the Orcish Mines.
  9314 | D:9      | Found a staircase to the Lair.
  9348 | D:9      | Noticed Maurice
  9354 | D:9      | Killed Maurice
  9361 | D:9      | Reached *** piety under Hepliaklqana
  9469 | D:9      | Gained mutation: You are surrounded by a moderate repulsion field. (EV +3) [demonic ancestry]
  9469 | D:9      | Reached XP level 11. HP: 59/87 MP: 18/18
  9582 | D:10     | Entered Level 10 of the Dungeon
 10441 | D:11     | Noticed a tengu warrior
 10460 | D:11     | Killed a tengu warrior
 10460 | D:11     | Reached skill level 11 in Invocations
 10741 | D:11     | Reached **** piety under Hepliaklqana
 10964 | D:11     | Noticed a hill giant
 10971 | D:11     | Killed a hill giant
 11087 | D:11     | Noticed a hill giant
 11094 | D:11     | Killed a hill giant
 11221 | D:11     | Reached skill level 10 in Long Blades
 11386 | D:12     | Reached skill level 12 in Invocations
 11561 | D:12     | Reached ***** piety under Hepliaklqana
 11568 | D:12     | Gained mutation: You are slightly more attuned to the shadows. [demonic ancestry]
 11568 | D:12     | Reached XP level 12. HP: 97/97 MP: 21/21
 11615 | D:12     | Noticed Azrael
 11642 | D:12     | Killed Azrael
 11654 | D:12     | HP: 3/97 [hell hound/blast of flame[Azrael] (4)]
 11654 | D:12     | Slain by a fire elemental

Vault maps used:
D:1:      onia_arrival_zoo_common, minmay_stone_trees_small,
          minmay_misc_feat_iff, minmay_misc_feat_five
D:3:      regret_index_temple_of_mockery, first_bread, st_stairs_8
D:4:      minmay_temple_entry_fiery
D:5:      minivault_5, uniq_sigmund, uniq_crazy_yiuf_cottage
D:6:      grunt_temple_overflow_open
D:7:      marbit_many_paths
D:8:      nicolae_ossuary_entry_giza, uniq_erica, uniq_pikel
D:9:      dpeg_lair_monsters, orc_0_dummy, uniq_joseph, uniq_maurice, uniq_grum
D:11:     serial_undead, serial_undead_d, serial_undead_b, serial_undead_a,
          serial_undead_d, serial_undead_b, serial_undead_e, serial_undead_b,
          serial_undead_b, serial_undead_f, serial_undead_b, grunt_tengu_nest
D:12:     lemuel_upstairs_altar, basic_altar, minmay_splitting_lines,
          uniq_azrael, uniq_sonja
Ossuary:  ossuary_tomb_2

Skill      XL: |  1  2  3  4  5  6  7  8  9 10 11 12 |
---------------+-------------------------------------+-----
Long Blades    | 3 4 5 6 7 8 9 10 | 10.3
Armour         | 1 2 3 4 5 7 8 9 |  9.0
Invocations    | 1 3 4 7 8 10 12 | 12.4
Fighting       | 3 4 5 6 8 9 |  9.9
Throwing       | |  1.9
Dodging        | |  2.6

Action                   |  1- 3 |  4- 6 |  7- 9 | 10-12 || total
-------------------------+-------+-------+-------+-------++-------
Melee: Long sword        |   101 |   187 |    92 |       ||   380
       Kick              |       |    25 |   130 |   207 ||   362
       Falchion          |       |       |   206 |       ||   206
       Scimitar          |       |       |    82 |   617 ||   699
Throw: Throwing net      |       |     1 |       |       ||     1
       Tomahawk          |       |     1 |       |       ||     1
Invok: Recall Ancestor   |       |       |     1 |     1 ||     2
       Ancestor Life: He |       |       |     1 |       ||     1
  Use: Scroll            |       |       |    18 |     5 ||    23
       Potion            |       |       |       |     2 ||     2
 Stab: Held in net/web   |       |     1 |       |       ||     1
       Distracted        |       |       |     4 |     9 ||    13
       Confused          |       |       |       |     7 ||     7
  Eat: Chunk             |     2 |     9 |    10 |    14 ||    35
       Fruit             |       |       |       |     2 ||     2
Armor: Ring mail         |    46 |    31 |       |       ||    77
       Chain mail        |       |    75 |   295 |   377 ||   747
Dodge: Dodged            |    80 |   109 |   248 |   408 ||   845
